[Event "Team 45 45 League T90"]
[Site "Internet Chess Club"]
[Date "2021.11.05"]
[Round "5"]
[White "blind-warrior"]
[Black "julesraider"]
[Result "1-0"]
[WhiteElo "1314"]
[BlackElo "1492"]
[Opening "Queen's bishop game"]
[ECO "D02"]
[Time "14:00:37"]
[PlyCount "183"]
[TimeControl "2700+45"]

1. d4 Nf6 2. Nf3 d5 3. Bf4 c6 4. c3 Bg4 5. h3 Bxf3 6. exf3 Nbd7 7. Nd2 e6 8. g4
e5 9. dxe5 Nxe5 10. Bxe5 Qe7 11. f4 Nd7 12. Qe2 f6 13. Bd4 c5 14. Qxe7+ Bxe7 15.
Be3 O-O-O 16. O-O-O Kb8 17. Bb5 a6 18. Bxd7 Rxd7 19. Nb3 b6 20. Kb1 f5 21. f3
Bh4 22. Rhf1 Re8 23. Bf2 Bxf2 24. Rxf2 Re3 25. Nc1 Kc7 26. Nd3 fxg4 27. hxg4 Rf7
28. f5 g6 29. Nf4 Kc6 30. Nxd5 Re5 31. c4 gxf5 32. f4 Re4 33. g5 Rxc4 34. b3 Re4
35. Rfd2 b5 36. Nf6 Rxf4 37. Rd6+ Kb7 38. Rd7+ Rxd7 39. Rxd7+ Kc6 40. Rxh7 Rf1+
41. Kc2 Rg1 42. Rh6 Rg2+ 43. Kd3 Rxa2 44. Ne4+ Kc7 45. Nxc5 a5 46. Rf6 Rf2 47.
Ke3 Rf1 48. Nd3 a4 49. bxa4 bxa4 50. Ra6 Ra1 51. Nb4 Kb7 52. Ra5 Re1+ 53. Kf2
Re4 54. Nc2 Rf4+ 55. Ke2 Kb6 56. Ra8 Kb7 57. Rf8 Re4+ 58. Kf3 Rc4 59. Ne3 a3 60.
Nxc4 a2 61. Nd6+ Ka7 62. Rf7+ Ka8 63. Nb5 a1=Q 64. Ra7+ Qxa7 65. Nxa7 Kxa7 66.
Kf4 Kb7 67. Kxf5 Kc7 68. Kf6 Kd7 69. Kf7 Kd8 70. g6 Kd7 71. g7 Kd6 72. g8=Q Ke5
73. Qg6 Kd5 74. Qe6+ Kc5 75. Ke7 Kd4 76. Kd6 Kd3 77. Kd5 Kc3 78. Qe4 Kd2 79. Kd4
Kc1 80. Kd3 Kb2 81. Qe2+ Kb3 82. Qc2+ Kb4 83. Qc3+ Kb5 84. Kd4 Kb6 85. Qc5+ Kb7
86. Kd5 Ka6 87. Qc6+ Ka5 88. Qc5+ Ka6 89. Qd6+ Kb5 90. Qb8+ Ka6 91. Kc5 Ka5 92.
Qa8# {Black checkmated} 1-0

[Event "Team 45 45 League T90"]
[Site "Internet Chess Club"]
[Date "2021.11.07"]
[Round "5"]
[White "Conjurer"]
[Black "tamky70"]
[Result "1-0"]
[WhiteElo "1153"]
[BlackElo "1168"]
[Opening "Queen's pawn, Mason variation, Steinitz counter-gambit"]
[ECO "D00"]
[Time "13:04:43"]
[PlyCount "54"]
[TimeControl "2700+45"]

1. d4 d5 2. Bf4 c5 3. c3 f6 4. Nf3 g5 5. Bxb8 Rxb8 6. e3 Bg4 7. Bb5+ Bd7 8. Be2
Bg4 9. h3 Bh5 10. g4 Bf7 11. Bb5+ Qd7 12. Bxd7+ Kxd7 13. Qa4+ Kd8 14. dxc5 a6
15. Nbd2 e5 16. Rd1 Ne7 17. Ne4 Nc6 18. Nxf6 Bxc5 19. Nxg5 Ke7 20. Nxd5+ Bxd5
21. Rxd5 Rbd8 22. Rxc5 Kf6 23. Ne4+ Ke6 24. Qb3+ Ke7 25. O-O Rd7 26. Rd1 Rxd1+
27. Qxd1 Rd8 {Black resigns} 1-0

[Event "Team 45 45 League T90"]
[Site "Internet Chess Club"]
[Date "2021.11.07"]
[Round "5"]
[White "fvafier"]
[Black "Signofthetimes"]
[Result "1/2-1/2"]
[WhiteElo "1519"]
[BlackElo "1569"]
[Opening "Réti opening"]
[ECO "A04"]
[Time "09:00:44"]
[PlyCount "105"]
[TimeControl "2700+45"]

1. Nf3 c6 2. g3 d5 3. Bg2 Nf6 4. O-O Bf5 5. d3 e6 6. Nbd2 Be7 7. Qe1 Nbd7 8. e4
dxe4 9. dxe4 Bg6 10. a4 Nc5 11. Ne5 Qc7 12. Nxg6 hxg6 13. e5 Ng4 14. Nf3 O-O-O
15. h3 Nh6 16. Bf4 Na6 17. Qe2 Rd7 18. Rfd1 Rhd8 19. Ne1 Qa5 20. Rxd7 Rxd7 21.
Nd3 Nc5 22. Nxc5 Bxc5 23. b3 Nf5 24. Rc1 Qb6 25. Kf1 Qb4 26. Rd1 Rxd1+ 27. Qxd1
Qd4 28. Qxd4 Nxd4 29. Be3 b6 30. Bxd4 Bxd4 31. f4 Kc7 32. Ke2 a5 33. Kd3 Bf2 34.
g4 b5 35. c3 Kb6 36. axb5 cxb5 37. Be4 a4 38. bxa4 bxa4 39. Ke2 a3 40. Bb1 Bg3
41. Ke3 Kc5 42. Ba2 Be1 43. Kd3 Bh4 44. Ke3 Be7 45. g5 Kc6 46. Ke4 Kd7 47. Kd3
f6 48. gxf6 gxf6 49. exf6 Bxf6 50. c4 e5 51. fxe5 Bxe5 52. Ke4 Bf6 53. Kd3 {Game
drawn by mutual agreement} 1/2-1/2

[Event "Team 45 45 League T90"]
[Site "Internet Chess Club"]
[Date "2021.11.03"]
[Round "5"]
[White "Kingofknights"]
[Black "manfredo"]
[Result "0-1"]
[WhiteElo "1485"]
[BlackElo "1517"]
[Opening "King's Indian defense"]
[ECO "E60"]
[Time "19:00:19"]
[PlyCount "130"]
[TimeControl "2700+45"]

1. d4 Nf6 2. c4 g6 3. f3 e5 4. e4 exd4 5. Qxd4 c5 6. Qf2 Qa5+ 7. Bd2 Qb6 8. Bc3
Bg7 9. Nd2 O-O 10. Nb3 d6 11. Ne2 Nbd7 12. Nf4 Ne5 13. h3 Be6 14. Nd5 Bxd5 15.
cxd5 a5 16. Nxc5 dxc5 17. Bxe5 Nxe4 18. fxe4 Bxe5 19. Qd2 Qxb2 20. Qxb2 Bxb2 21.
Rb1 Bc3+ 22. Ke2 Rab8 23. Kd3 Bb4 24. a4 b5 25. axb5 Rxb5 26. Kc4 Rb6 27. Ra1
Re8 28. Bd3 h5 29. Rhf1 Kg7 30. Ra2 Rf6 31. Rf3 Rxf3 32. gxf3 g5 33. d6 Rd8 34.
Kd5 c4 35. Kxc4 Rxd6 36. e5 Rc6+ 37. Kb5 Rc5+ 38. Ka4 Rxe5 39. Rc2 Re3 40. Be4
Ra3+ 41. Kb5 Rc3 42. Re2 Rc5+ 43. Ka4 f5 44. Bb7 Rc7 45. Bd5 Rc3 46. Re6 g4 47.
hxg4 hxg4 48. fxg4 fxg4 49. Be4 g3 50. Rg6+ Kf7 51. Rg4 Kf6 52. Rg8 Re3 53. Bg2
Ke5 54. Bb7 Kd4 55. Kb5 Kc3 56. Ka4 Kd2 57. Rg7 Ke2 58. Ba6+ Kf2 59. Bb7 Kg1 60.
Rg6 Ra3+ 61. Kb5 Be1 62. Kc4 Ra2 63. Kb3 Rd2 64. Ka4 Rd4+ 65. Kb3 Rb4+ {White
resigns} 0-1

[Event "Team 45 45 League T90"]
[Site "Internet Chess Club"]
[Date "2021.11.05"]
[Round "5"]
[White "dalmata"]
[Black "tightfist"]
[Result "1/2-1/2"]
[WhiteElo "1557"]
[BlackElo "1423"]
[Opening "QGD"]
[ECO "D52"]
[Time "14:03:11"]
[PlyCount "116"]
[TimeControl "2700+45"]

1. d4 d5 2. c4 e6 3. Nc3 Nf6 4. Bg5 c6 5. e3 Nbd7 6. Nf3 Be7 7. Bxf6 Nxf6 8. Be2
O-O 9. O-O b6 10. Ne5 Qd6 11. Rb1 Bb7 12. b4 dxc4 13. Nxc4 Qc7 14. Bf3 Rab8 15.
a4 Ba6 16. Be2 Rfd8 17. Ne5 Bb7 18. Bf3 Bd6 19. Qc2 Bxe5 20. dxe5 Qxe5 21. Rfd1
Nd5 22. Nxd5 exd5 23. Rd4 Rd6 24. Rh4 g6 25. Qd2 Rbd8 26. Rc1 Ba6 27. b5 cxb5
28. Qe2 Rc8 29. Rxc8+ Bxc8 30. axb5 Qa1+ 31. Qf1 Qxf1+ 32. Kxf1 a6 33. bxa6
Bxa6+ 34. Be2 Bxe2+ 35. Kxe2 Kg7 36. Rb4 f5 37. f4 Kf6 38. Kd3 h6 39. h4 g5 40.
hxg5+ hxg5 41. g3 g4 42. Rb5 Ke6 43. Kd4 Rc6 44. Rxd5 Rd6 45. Rxd6+ Kxd6 46. e4
fxe4 47. Kxe4 b5 48. Kd4 Kc6 49. Kd3 Kd5 50. Kc3 Kc5 51. Kb3 b4 52. Kc2 Kc4 53.
Kb2 b3 54. Kc1 Kd4 55. Kb2 Kc4 56. Kc1 Kd4 57. Kb2 Kc4 58. Kc1 Kd4 {Game drawn
by repetition} 1/2-1/2

[Event "Team 45 45 League T90"]
[Site "Internet Chess Club"]
[Date "2021.11.08"]
[Round "5"]
[White "jaboti"]
[Black "primerpaso"]
[Result "1-0"]
[WhiteElo "1736"]
[BlackElo "1881"]
[Opening "QGD: Lasker defense"]
[ECO "D56"]
[Time "15:00:52"]
[PlyCount "93"]
[TimeControl "2700+45"]

1. Nf3 d5 2. d4 Nf6 3. c4 e6 4. Nc3 Be7 5. Bg5 O-O 6. e3 h6 7. Bh4 Ne4 8. Bxe7
Qxe7 9. Rc1 Nxc3 10. Rxc3 c6 11. Bd3 Nd7 12. cxd5 exd5 13. O-O Nf6 14. Qb1 Ne4
15. Bxe4 dxe4 16. Ne5 Bf5 17. b4 f6 18. Nc4 Rac8 19. Nd2 Bh7 20. Rfc1 Qe6 21. a4
f5 22. h3 f4 23. b5 cxb5 24. Qxb5 Rxc3 25. Rxc3 fxe3 26. fxe3 Qf7 27. Qc4 Bf5
28. Qxf7+ Rxf7 29. a5 Re7 30. Rc5 Bg6 31. Kf2 Kf7 32. Nc4 Ke6 33. Kg3 Be8 34.
Kf4 Bc6 35. Re5+ Kd7 36. Rxe7+ Kxe7 37. Ke5 Bb5 38. Nd2 Bd3 39. h4 b6 40. axb6
axb6 41. Nxe4 b5 42. Nc5 Bc2 43. d5 g5 44. d6+ Kd8 45. Ke6 Kc8 46. d7+ Kc7 47.
Ke7 {Black resigns} 1-0

[Event "Team 45 45 League T90"]
[Site "Internet Chess Club"]
[Date "2021.11.11"]
[Round "5"]
[White "QuieroAprender"]
[Black "Packerfan"]
[Result "1-0"]
[WhiteElo "1647"]
[BlackElo "1767"]
[Opening "Benko's opening"]
[ECO "A00"]
[Time "16:37:12"]
[PlyCount "105"]
[TimeControl "2700+45"]

1. g3 e5 2. Bg2 Nf6 3. e4 Bc5 4. Ne2 Nc6 5. c3 d6 6. d4 exd4 7. cxd4 Bb4+ 8.
Nbc3 O-O 9. O-O Re8 10. Bg5 h6 11. Be3 Bg4 12. f3 Bd7 13. Qd3 a6 14. a3 Ba5 15.
Rad1 Qe7 16. Nf4 Bxc3 17. Qxc3 Na7 18. b3 Nb5 19. Qb2 c6 20. Rfe1 d5 21. e5 Nh7
22. a4 Nc7 23. h4 Nf8 24. Qd2 Nfe6 25. Nh5 Qf8 26. Bxh6 gxh6 27. Nf6+ Kh8 28.
Nxd7 Qg7 29. Nf6 Rg8 30. Ng4 Kh7 31. Qd3+ Qg6 32. Nf6+ Kh8 33. Qe3 Rg7 34. g4
Ne8 35. Nh5 Rg8 36. Ng3 N8g7 37. Bf1 f5 38. Bd3 Raf8 39. Kh2 f4 40. Bxg6 fxe3
41. Rxe3 Nf4 42. Bf5 Nxf5 43. Nxf5 Kh7 44. e6 Re8 45. Rde1 h5 46. Kg3 Ng6 47. g5
Rgf8 48. Nd6 Re7 49. Nf7 Rfe8 50. f4 Nh8 51. Nxh8 Rxh8 52. f5 Rhe8 53. Kf4
{Black resigns} 1-0

[Event "Team 45 45 League T90"]
[Site "Internet Chess Club"]
[Date "2021.11.06"]
[Round "5"]
[White "ivanson"]
[Black "Portola"]
[Result "0-1"]
[WhiteElo "1616"]
[BlackElo "1741"]
[Opening "French: Tarrasch"]
[ECO "C03"]
[Time "17:00:39"]
[PlyCount "46"]
[TimeControl "2700+45"]

1. e4 e6 2. d4 d5 3. Nd2 dxe4 4. Nxe4 Be7 5. Nf3 Nd7 6. Bd3 Ngf6 7. Qe2 Nxe4 8.
Bxe4 O-O 9. c3 Nf6 10. Bc2 b6 11. Bg5 Bb7 12. O-O-O c6 13. Kb1 Qc7 14. Ne5 a5
15. f4 b5 16. f5 b4 17. c4 a4 18. fxe6 fxe6 19. b3 axb3 20. Bxb3 c5 21. dxc5 Ne4
22. Qg4 Qxe5 23. Bxe7 Rf2 {White resigns} 0-1

[Event "Team 45 45 League T90"]
[Site "Internet Chess Club"]
[Date "2021.11.05"]
[Round "5"]
[White "VictorRed"]
[Black "manfredo"]
[Result "1-0"]
[WhiteElo "1657"]
[BlackElo "1507"]
[Opening "Queen's pawn game"]
[ECO "A45"]
[Time "14:09:36"]
[PlyCount "141"]
[TimeControl "2700+45"]

1. d4 Nf6 2. g3 g6 3. Bg2 d5 4. Nf3 Bg7 5. O-O c6 6. Nbd2 O-O 7. c4 a5 8. cxd5
Nxd5 9. Nc4 Nb6 10. Nxb6 Qxb6 11. b3 Rd8 12. e3 Na6 13. Qe2 Be6 14. Ng5 Bf5 15.
Qc4 e6 16. Bb2 h6 17. Ne4 Qb4 18. Qe2 c5 19. Bc3 Qb6 20. dxc5 Nxc5 21. Bxg7 Bxe4
22. Bxe4 Nxe4 23. Bxh6 Rd2 24. Qf3 Qc6 25. Rac1 Qd5 26. Rc4 Ng5 27. Qxd5 Rxd5
28. Bxg5 Rxg5 29. Rc7 b6 30. Rd1 Rc5 31. Rxc5 bxc5 32. Rc1 Rc8 33. Kf1 Kf8 34.
Ke2 Ke7 35. Kd3 Kd6 36. Kc4 Rb8 37. Rd1+ Kc6 38. Rd2 Rb4+ 39. Kc3 a4 40. Rb2 a3
41. Rd2 Rb8 42. f4 f5 43. h3 Rh8 44. h4 Rb8 45. Rg2 Rh8 46. b4 Rb8 47. bxc5 Rb5
48. g4 Rxc5+ 49. Kb4 fxg4 50. Rxg4 Rh5 51. Rxg6 Rxh4 52. Rxe6+ Kd7 53. Re5 Rh8
54. Kxa3 Kd6 55. Kb4 Rb8+ 56. Rb5 Re8 57. Re5 Rb8+ 58. Kc4 Ra8 59. Rd5+ Ke6 60.
Rd2 Ra3 61. e4 Ra4+ 62. Kd3 Ra3+ 63. Ke2 Ra4 64. Kf3 Ra3+ 65. Kg4 Ra8 66. Rb2
Ra6 67. Rh2 Ra4 68. e5 Ra8 69. Re2 Rg8+ 70. Kf3 Kf5 71. e6 {Black resigns} 1-0

[Event "Team 45 45 League T90"]
[Site "Internet Chess Club"]
[Date "2021.11.08"]
[Round "5"]
[White "kidcobra"]
[Black "ElValero"]
[Result "1-0"]
[WhiteElo "1837"]
[BlackElo "1643"]
[Opening "Sicilian: wing gambit, Marshall variation"]
[ECO "B20"]
[Time "11:03:27"]
[PlyCount "35"]
[TimeControl "2700+45"]

1. e4 c5 2. b4 cxb4 3. a3 e6 4. axb4 Bxb4 5. c3 Bf8 6. d4 d5 7. e5 Nc6 8. Nf3
Qc7 9. Na3 f6 10. Nb5 Qd8 11. Bf4 fxe5 12. Nxe5 Nxe5 13. Bxe5 Kf7 14. Qh5+ g6
15. Qf3+ Nf6 16. Nc7 Rb8 17. Ne8 Qxe8 18. Qxf6+ {Black resigns} 1-0

[Event "Team 45 45 League T90"]
[Site "Internet Chess Club"]
[Date "2021.11.04"]
[Round "5"]
[White "kabindra"]
[Black "fhunfi"]
[Result "0-1"]
[WhiteElo "1694"]
[BlackElo "1729"]
[Opening "French: advance, Euwe variation"]
[ECO "C02"]
[Time "11:02:51"]
[PlyCount "78"]
[TimeControl "2700+45"]

1. e4 e6 2. d4 d5 3. e5 c5 4. c3 Nc6 5. Nf3 Bd7 6. Bd3 Rc8 7. dxc5 Bxc5 8. b4
Bf8 9. O-O Nge7 10. b5 Na5 11. Ba3 Nc4 12. Bxc4 Rxc4 13. Nd4 Qb6 14. Qb3 Ng6 15.
Bxf8 Rxf8 16. Nd2 Rc8 17. N2f3 Qc7 18. Qa3 Qc5 19. Qa5 Qb6 20. Qxb6 axb6 21.
Rfc1 Ke7 22. Rc2 f6 23. exf6+ gxf6 24. Re1 e5 25. a4 Kf7 26. Nb3 d4 27. c4 Be6
28. Nbd2 Bf5 29. Rcc1 Nf4 30. Ne4 Rfd8 31. Ng3 Be6 32. Red1 Bxc4 33. Nd2 Ne2+
34. Nxe2 Bxe2 35. Rxc8 Rxc8 36. Re1 d3 37. f3 Rc2 38. Ne4 d2 39. Nxd2 Rxd2
{White resigns} 0-1

[Event "Team 45 45 League T90"]
[Site "Internet Chess Club"]
[Date "2021.11.05"]
[Round "5"]
[White "MrAbendroth"]
[Black "julesraider"]
[Result "1-0"]
[WhiteElo "1674"]
[BlackElo "1517"]
[Opening "Caro-Kann: classical, Spassky variation"]
[ECO "B18"]
[Time "12:00:07"]
[PlyCount "75"]
[TimeControl "2700+45"]

1. e4 c6 2. d4 d5 3. Nc3 dxe4 4. Nxe4 Bf5 5. Ng3 Bg6 6. Nf3 Nd7 7. h4 h6 8. h5
Bh7 9. Bd3 Bxd3 10. Qxd3 e6 11. Bd2 Ngf6 12. Ne4 Be7 13. Rh3 Nxe4 14. Qxe4 Nf6
15. Qe2 Qb6 16. b3 Ba3 17. c3 Nd5 18. Ne5 Bd6 19. Nc4 Qc7 20. Nxd6+ Qxd6 21. Qf3
O-O-O 22. O-O-O Qe7 23. Kb2 Qf6 24. Qg4 Rhg8 25. Rf3 Qe7 26. Qh3 Kb8 27. c4 Nf6
28. Qh4 Ka8 29. Bc3 Qc7 30. Rfd3 Rc8 31. Bd2 Nd7 32. Bf4 e5 33. dxe5 Nxe5 34.
Rd7 Qxd7 35. Rxd7 Nxd7 36. Qe7 Nf6 37. Be3 Nxh5 38. Qa3 {Black forfeits on time}
1-0

[Event "Team 45 45 League T90"]
[Site "Internet Chess Club"]
[Date "2021.11.05"]
[Round "5"]
[White "mongmong"]
[Black "julesraider"]
[Result "1/2-1/2"]
[WhiteElo "1523"]
[BlackElo "1494"]
[Opening "King's Indian: Andersson variation"]
[ECO "E92"]
[Time "17:00:30"]
[PlyCount "59"]
[TimeControl "2700+45"]

1. d4 Nf6 2. Nf3 g6 3. c4 Bg7 4. Nc3 O-O 5. e4 d6 6. Be2 e5 7. dxe5 dxe5 8. Qxd8
Rxd8 9. Bg5 Re8 10. Bxf6 Bxf6 11. Nd5 Bd8 12. O-O c6 13. Nc3 Bf6 14. Rfd1 Na6
15. Rac1 Nc7 16. b3 Be6 17. Rc2 a5 18. h3 h6 19. Na4 Rab8 20. Nb6 Red8 21. Rcd2
Rxd2 22. Rxd2 Re8 23. Nd7 Bg7 24. Nc5 Bc8 25. Kf1 f5 26. exf5 gxf5 27. Na4 Be6
28. Nc5 Bc8 29. Na4 Be6 30. Nc5 {Game drawn by mutual agreement} 1/2-1/2

[Event "Team 45 45 League T90"]
[Site "Internet Chess Club"]
[Date "2021.11.06"]
[Round "5"]
[White "olivermx"]
[Black "Conjurer"]
[Result "1-0"]
[WhiteElo "1329"]
[BlackElo "1135"]
[Opening "Robatsch defense: three pawns attack"]
[ECO "B06"]
[Time "13:03:34"]
[PlyCount "69"]
[TimeControl "2700+45"]

1. e4 g6 2. d4 Bg7 3. f4 d6 4. Be3 Nf6 5. Nc3 Bg4 6. Nf3 O-O 7. h3 Bd7 8. Bc4 e6
9. Qd2 Nxe4 10. Nxe4 d5 11. Bxd5 exd5 12. Nf2 Bb5 13. O-O-O Nd7 14. g4 Nf6 15.
h4 Re8 16. h5 Ne4 17. Nxe4 dxe4 18. Ne1 Qd5 19. Kb1 Re6 20. Ng2 f5 21. gxf5 gxf5
22. Rdg1 Ra6 23. a3 Bc4 24. Ne1 h6 25. Qg2 Qf7 26. Rh3 Kh7 27. Rg3 Rg8 28. c3
Bb3 29. Rg6 Kh8 30. Rg3 Ba2+ 31. Kc1 Qb3 32. Rxg7 Qd1+ 33. Kxd1 Rg6 34. Qxg6
Rxg7 35. Qxg7# {Black checkmated} 1-0

[Event "Team 45 45 League T90"]
[Site "Internet Chess Club"]
[Date "2021.11.06"]
[Round "5"]
[White "howah45"]
[Black "Andaluz"]
[Result "1/2-1/2"]
[WhiteElo "1180"]
[BlackElo "1297"]
[Opening "Sicilian: Smith-Morra gambit"]
[ECO "B21"]
[Time "15:00:40"]
[PlyCount "54"]
[TimeControl "2700+45"]

1. e4 c5 2. d4 cxd4 3. c3 dxc3 4. Nxc3 e6 5. Bc4 Nc6 6. Bf4 a6 7. Nf3 Bc5 8. Bd6
Bxd6 9. Qxd6 Qe7 10. Qg3 g6 11. Ne5 Nxe5 12. Qxe5 Qf6 13. Qc5 Qe7 14. Qe5 Nf6
15. f4 d6 16. Qd4 O-O 17. O-O-O Rd8 18. e5 Ne8 19. Rd2 d5 20. Bb3 b5 21. Qb6 Qc7
22. Qxc7 Nxc7 23. Kb1 Bd7 24. Rc1 a5 25. a4 b4 26. Ne2 Na6 27. Ng3 Rac8 {Game
drawn by mutual agreement} 1/2-1/2

[Event "Team 45 45 League T90"]
[Site "Internet Chess Club"]
[Date "2021.11.05"]
[Round "5"]
[White "kabubi"]
[Black "Balderdash"]
[Result "1-0"]
[WhiteElo "1168"]
[BlackElo "1193"]
[Opening "Giuoco Piano: Greco's attack"]
[ECO "C54"]
[Time "21:30:10"]
[PlyCount "111"]
[TimeControl "2700+45"]

1. e4 e5 2. Nf3 Nc6 3. Bc4 Bc5 4. c3 Nf6 5. d4 exd4 6. cxd4 Bb4+ 7. Nc3 Nxe4 8.
O-O Qf6 9. Re1 Bxc3 10. bxc3 O-O 11. Rxe4 Na5 12. Bb3 Nxb3 13. axb3 d5 14. Re5
Bg4 15. Rxd5 c6 16. Re5 Rfe8 17. Rxe8+ Rxe8 18. Rxa7 Bxf3 19. gxf3 h6 20. Rxb7
Qg6+ 21. Kf1 Qf5 22. Be3 Re6 23. Ke2 Rf6 24. f4 Qc8 25. Re7 Qa6+ 26. Kd2 Qa2+
27. Ke1 Qa5 28. Qd3 Qa1+ 29. Kd2 Qa2+ 30. Qc2 Qa8 31. Qe4 Qa2+ 32. Ke1 Qa1+ 33.
Ke2 Qa6+ 34. Kf3 Re6 35. Rxe6 fxe6 36. Qxe6+ Kh7 37. f5 Qa8 38. Qg6+ Kg8 39.
Bxh6 c5+ 40. Kf4 Qb8+ 41. Kg5 Qd8+ 42. Kh5 Qe7 43. f3 Qf6 44. Qxf6 gxf6 45. dxc5
Kf7 46. c6 Ke7 47. Kg6 Kd8 48. Kxf6 Kc7 49. Ke6 Kxc6 50. f6 Kc5 51. f7 Kb5 52.
f8=Q Ka6 53. Kd6 Kb5 54. Qb8+ Ka6 55. Kc6 Ka5 56. Qa8# {Black checkmated} 1-0

[Event "Team 45 45 League T90"]
[Site "Internet Chess Club"]
[Date "2021.11.08"]
[Round "5"]
[White "Kingofknights"]
[Black "DaveTheRook"]
[Result "1/2-1/2"]
[WhiteElo "1481"]
[BlackElo "1405"]
[Opening "Queen's pawn game"]
[ECO "E00"]
[Time "18:30:34"]
[PlyCount "66"]
[TimeControl "2700+45"]

1. d4 Nf6 2. c4 e6 3. a3 b6 4. Bg5 Be7 5. Nc3 Bb7 6. f3 O-O 7. e4 d5 8. e5 Nfd7
9. Bxe7 Qxe7 10. Qd2 a6 11. Bd3 dxc4 12. Bxc4 b5 13. Bd3 c5 14. Be4 Bxe4 15.
Nxe4 cxd4 16. Qxd4 Nc6 17. Qd6 Ndxe5 18. Qxe7 Nxe7 19. Ke2 Rfd8 20. Nh3 Rac8 21.
Rac1 Nd5 22. Nc5 Nc4 23. Nxa6 Nxb2 24. Nc5 Nc4 25. Nb3 h6 26. Ra1 Nc3+ 27. Kf2
Kf8 28. Rhc1 Nd5 29. a4 bxa4 30. Rxa4 Ncb6 31. Ra2 Rxc1 32. Nxc1 Ra8 33. Rxa8+
Nxa8 {Game drawn by mutual agreement} 1/2-1/2

[Event "Team 45 45 League T90"]
[Site "Internet Chess Club"]
[Date "2021.11.14"]
[Round "5"]
[White "piirimae"]
[Black "MartyJR"]
[Result "1/2-1/2"]
[WhiteElo "1257"]
[BlackElo "1414"]
[Opening "Sicilian: Alapin's variation (2.c3)"]
[ECO "B22"]
[Time "14:00:44"]
[PlyCount "50"]
[TimeControl "2700+45"]

1. e4 c5 2. c3 d5 3. d3 dxe4 4. dxe4 Qxd1+ 5. Kxd1 Nc6 6. f3 Nf6 7. Be3 e5 8.
Nd2 Be6 9. a4 Be7 10. Kc2 a6 11. Bc4 O-O 12. Bxe6 fxe6 13. Ne2 Nh5 14. Ng3 Nf4
15. Rhg1 Rad8 16. Nc4 Kh8 17. Rab1 b5 18. axb5 axb5 19. Nb6 b4 20. Ra1 bxc3 21.
bxc3 Rfe8 22. Ra6 Nb8 23. Ra5 Nd3 24. Na4 c4 25. Nb6 Nc6 {Game drawn by mutual
agreement} 1/2-1/2

[Event "Team 45 45 League T90"]
[Site "Internet Chess Club"]
[Date "2021.11.08"]
[Round "5"]
[White "WzeroMN"]
[Black "smsxman"]
[Result "0-1"]
[WhiteElo "1076"]
[BlackElo "1326"]
[Opening "Queen's pawn game, Darooha variation "]
[ECO "D02"]
[Time "12:00:55"]
[PlyCount "90"]
[TimeControl "2700+45"]

1. d4 d5 2. Nf3 Nf6 3. c4 b6 4. e3 e6 5. Nc3 Bb7 6. Be2 Bb4 7. O-O Bxc3 8. bxc3
O-O 9. Ne5 c5 10. Ba3 Nbd7 11. Nf3 dxc4 12. Bxc4 Re8 13. Re1 Qc7 14. Bd3 Ng4 15.
e4 Ngf6 16. e5 Ng4 17. Be4 f5 18. Bxb7 Qxb7 19. h3 Nh6 20. Rb1 Qa6 21. Qe2 Qxa3
22. Qb2 Qxb2 23. Rxb2 cxd4 24. cxd4 Rec8 25. Rbb1 Rc2 26. Rec1 Rxa2 27. Rc6 Nf8
28. Rbc1 Nf7 29. Rc8 Rxc8 30. Rxc8 g6 31. h4 b5 32. Ng5 Nxg5 33. hxg5 b4 34. Rb8
a5 35. d5 exd5 36. e6 Re2 37. Rb5 d4 38. Rxa5 Nxe6 39. Ra8+ Nf8 40. Ra4 Rb2 41.
Ra8 d3 42. Kf1 d2 43. Ke2 b3 44. Rd8 Rc2 45. Rxd2 Ra2 {White resigns} 0-1

[Event "Team 45 45 League T90"]
[Site "Internet Chess Club"]
[Date "2021.11.05"]
[Round "5"]
[White "burlap"]
[Black "oldbookseller"]
[Result "1-0"]
[WhiteElo "1031"]
[BlackElo "853"]
[Opening "Queen's pawn, Mason variation"]
[ECO "D00"]
[Time "09:00:28"]
[PlyCount "81"]
[TimeControl "2700+45"]

1. d4 d5 2. Bf4 b6 3. e3 Nf6 4. h3 e6 5. Nd2 Be7 6. Ngf3 O-O 7. Bd3 Nbd7 8. O-O
Bb7 9. Ne5 c5 10. c3 g6 11. Re1 Qc7 12. Qc2 Bd6 13. Ndf3 c4 14. Be2 b5 15. Nxd7
Qxd7 16. Ne5 Qe7 17. Bf3 b4 18. Re2 a5 19. Rb1 a4 20. b3 axb3 21. axb3 cxb3 22.
Qxb3 Ba6 23. Ree1 Rfc8 24. cxb4 Bc4 25. Qd1 Ba2 26. Rc1 Qc7 27. Rxc7 Bxc7 28.
Nd3 Bd6 29. Bxd6 Bc4 30. Be2 Ne4 31. Bg3 Nc3 32. Qd2 Nxe2+ 33. Qxe2 Bxd3 34.
Qxd3 Ra7 35. Kh2 f5 36. f4 h5 37. Bf2 Rh7 38. Qb3 Rf8 39. b5 Rf6 40. b6 Rd7 41.
b7 {Black resigns} 1-0

[Event "Team 45 45 League T90"]
[Site "Internet Chess Club"]
[Date "2021.11.07"]
[Round "5"]
[White "seattleblues"]
[Black "manfredo"]
[Result "0-1"]
[WhiteElo "1340"]
[BlackElo "1516"]
[Opening "Grünfeld with Bf4 & e3"]
[ECO "D93"]
[Time "19:01:47"]
[PlyCount "60"]
[TimeControl "2700+45"]

1. d4 Nf6 2. Nf3 g6 3. c4 Bg7 4. Nc3 d5 5. Bf4 O-O 6. e3 c5 7. dxc5 Qa5 8. Qb3
Ne4 9. Rc1 Nxc5 10. Qb5 Bxc3+ 11. bxc3 Qxb5 12. cxb5 Bf5 13. Nd4 Bd3 14. Rd1
Bxf1 15. Rxf1 Nbd7 16. Bg3 Ne4 17. Ne2 Nxg3 18. Nxg3 Nf6 19. Ke2 Rac8 20. Rc1
Rc4 21. Rc2 Rfc8 22. Rfc1 e5 23. Kd2 R8c5 24. Rb1 b6 25. h3 d4 26. Ne2 Ne4+ 27.
Ke1 d3 28. Rcc1 d2+ 29. Kf1 dxc1=Q+ 30. Rxc1 Nxc3 {White resigns} 0-1

[Event "Team 45 45 League T90"]
[Site "Internet Chess Club"]
[Date "2021.11.05"]
[Round "5"]
[White "sdcohle"]
[Black "trogers41"]
[Result "1/2-1/2"]
[WhiteElo "1311"]
[BlackElo "1355"]
[Opening "Ruy Lopez: Anderssen variation"]
[ECO "C77"]
[Time "17:00:39"]
[PlyCount "81"]
[TimeControl "2700+45"]

1. e4 e5 2. Nf3 Nc6 3. Bb5 a6 4. Ba4 Nf6 5. d3 b5 6. Bb3 d6 7. c3 Be7 8. h3 h6
9. O-O O-O 10. Be3 Bb7 11. Bc2 Re8 12. Re1 Bf8 13. Nbd2 Nb8 14. d4 exd4 15. Bxd4
Nbd7 16. e5 dxe5 17. Bxe5 Nxe5 18. Nxe5 Bd6 19. Ndf3 Nd7 20. Qd3 Nf6 21. Ng4
Rxe1+ 22. Rxe1 g6 23. Nxh6+ Kg7 24. Ng4 Nxg4 25. hxg4 Bxf3 26. Qxf3 Qh8 27. g3
Re8 28. Rxe8 Qxe8 29. Qe4 Qxe4 30. Bxe4 a5 31. a3 c5 32. Bc6 b4 33. cxb4 cxb4
34. axb4 Bxb4 35. b3 g5 36. Kg2 f6 37. f4 Kf7 38. f5 Ke7 39. Kf3 Kd6 40. Be8 Kd5
41. Bf7+ {Game drawn by mutual agreement} 1/2-1/2

[Event "Team 45 45 League T90"]
[Site "Internet Chess Club"]
[Date "2021.11.08"]
[Round "5"]
[White "Visin"]
[Black "tamky70"]
[Result "1-0"]
[WhiteElo "1133"]
[BlackElo "1150"]
[Opening "Alekhine's defense"]
[ECO "B02"]
[Time "12:30:41"]
[PlyCount "91"]
[TimeControl "2700+45"]

1. e4 Nf6 2. Nc3 d6 3. Nf3 Nc6 4. Be2 e5 5. d4 Be7 6. d5 h6 7. dxc6 bxc6 8. O-O
Bb7 9. Bd3 O-O 10. b4 Re8 11. a3 Bf8 12. Bb2 Rb8 13. Rb1 Nh5 14. Bc1 Nf6 15. Be3
a6 16. a4 Ng4 17. Qd2 Bc8 18. h3 Nf6 19. b5 cxb5 20. axb5 axb5 21. Bxb5 Re7 22.
Bc6 Rxb1 23. Rxb1 Be6 24. Rb4 Qc8 25. Nd5 Bxd5 26. Bxd5 Qa6 27. c3 Nxd5 28. Qxd5
Qa1+ 29. Kh2 Re8 30. Qb3 c5 31. Rb7 Re7 32. Rxe7 Bxe7 33. Qc2 Bf6 34. Nd2 Qe1
35. Nc4 d5 36. exd5 Qa1 37. d6 Qa8 38. Qd2 Qe4 39. Nb2 g5 40. d7 Kg7 41. d8=Q
Bxd8 42. Qxd8 g4 43. Qh4 f6 44. Qxg4+ Qxg4 45. hxg4 Kf7 46. Bxh6 {Black resigns}
1-0